 Dungeon Crawl Stone Soup version 0.22-a0-161-g198051c (webtiles) character file.

3150 vishdafish the Ruffian (level 9, 0/88 HPs)
             Began as a Troll Berserker on Feb 11, 2018.
             Was a High Priest of Trog.
             Slain by an orc warrior
             ... wielding a +2 halberd of venom
              (2 damage)
             ... on level 7 of the Dungeon.
             The game lasted 00:15:26 (5162 turns).

vishdafish the Ruffian (Troll Berserker)            Turns: 5162, Time: 00:15:27

Health: 0/88       AC:  6    Str: 33    XL:     9   Next: 62%
Magic:  11/11      EV: 12    Int:  5    God:    Trog [*****.]
Gold:   384        SH:  0    Dex:  9    Spells: 8/8 levels left

rFire    . . .     SeeInvis +     - Unarmed
rCold    . . .     Gourm    +   (no shield)
rNeg     . . .     Faith    .   a - +0 animal skin
rPois    .         Spirit   .   (helmet restricted)
rElec    .         Reflect  .   n - +0 cloak
rCorr    .         Harm     .   (gloves unavailable)
MR       .....                  (boots unavailable)
Stlth    +.........             u - amulet of regeneration
HPRegen  1.04/turn              h - ring of see invisible
MPRegen  0.12/turn              (no ring)

@: mighty, lethally poisoned (0 -> -44), berserk cooldown, slowed, very slow
A: large, unfitting armour, claws 3, fast metabolism 3, gourmand, regeneration
1, shaggy fur 1, tough skin 2
a: Berserk, Trog's Hand, Brothers in Arms, Burn Spellbooks, Renounce Religion


You were on level 7 of the Dungeon.
You worshipped Trog.
Trog was extremely pleased with you.
You were very full.

You visited 1 branch of the dungeon, and saw 7 of its levels.

You collected 384 gold pieces.

Inventory:

Hand Weapons
 p - a +1 falchion of holy wrath
Armour
 a - a +0 animal skin (worn)
 n - a +0 cloak (worn)
Jewellery
 h - a ring of see invisible (left claw)
 u - an amulet of regeneration (around neck)
Wands
 d - a wand of flame (23)
 w - a wand of random effects (20)
Scrolls
 c - 2 scrolls of magic mapping
 i - 7 scrolls of teleportation
 j - 2 scrolls of enchant weapon
 k - 2 scrolls of noise
 l - a scroll of identify
 o - 2 scrolls of fog {unknown}
 s - a scroll of fear {unknown}
Potions
 f - a potion of cancellation {unknown}
 g - a potion of brilliance {unknown}
 m - a potion of flight {unknown}
 r - 2 potions of magic {unknown}
 v - a potion of resistance {unknown}
Comestibles
 b - 12 rations


   Skills:
 - Level 5.3 Fighting
 * Level 3.1 Throwing
 * Level 2.8 Armour
 - Level 5.4 Dodging
 + Level 7.2 Unarmed Combat
 - Level 5.0 Evocations


You had 8 spell levels left.
You didn't know any spells.

Dungeon Overview and Level Annotations

Branches:
Dungeon (7/15)             Temple (0/1) D:4

Altars:
Fedhas
Trog
Xom
The Shining One

Shops:
D:4 [


Innate Abilities, Weirdness & Mutations

You are too large for most types of armour.
You have claws for hands.
Your metabolism is lightning-fast.
You like to eat raw meat.
Your natural rate of healing is unusually fast.
You are covered in fur. (AC +1)
You have very tough skin. (AC +2)


Message History

The orc misses you. The orc hits you with a short sword.
* * * LOW HITPOINT WARNING * * *
The orc warrior hits you from afar with a halberd of venom!
* * * LOW HITPOINT WARNING * * *
You are more poisoned.
You mangle the orc!!
You kill the orc!
Trog accepts your kill.
* * * LOW HITPOINT WARNING * * *
You feel very sick. The orc warrior closely misses you.
You feel much better.
You feel very sick.
The orc warrior hits you from afar with a halberd of venom!!
* * * LOW HITPOINT WARNING * * *
You are more poisoned.
* * * LOW HITPOINT WARNING * * *
You feel extremely sick.
The orc warrior hits you with a halberd of venom.
You die...

##...# #.......##.#
#....# #.###.####.#
#..### ##.# #.# #>#
##..# ###..# #.# #.#
#%####...###...## #.##
#.# #........##..###
#..# #.# #.##)..##.##
##.###.# ###......##.#
#...#.# .........(##@#
###.#.#
###.#...##...o# #...#
....#.........######
##..#
#.......##.......####
####
####....##..........##
#......#........_..# #
###....#..#####>.....#
## #......##.#
#####..# ##.
.....##.#.##.##
#.######..


You could see an orc warrior.

Vanquished Creatures
  The ghost of tilp the Poker, an amateur MfIE (D:4)
  Sigmund (D:5)
  Duvessa (D:6)
  3 orc warriors
  A hornet zombie (D:7)
  3 eyes of draining (D:7)
  A necrophage (D:6)
  6 ogres
  2 centaurs
  Blork the orc (D:6)
  2 bullfrogs (D:6)
  Dowan (D:6)
  A scorpion (D:7)
  A howler monkey (D:5)
  A crimson imp (D:6)
  A bullfrog zombie (D:6)
  An orc priest (D:3)
  A hound (D:7)
  6 orc wizards
  Crazy Yiuf (D:6)
  A jelly (D:5)
  2 bullfrog skeletons
  Ijyb (D:3)
  2 iguanas
  7 worker ants
  A hound zombie (D:6)
  A worker ant zombie (D:6)
  8 adders
  A gnoll (D:7)
  2 oozes
  An adder skeleton (D:4)
  6 worms
  A dart slug (D:1)
  2 leopard geckos (D:6)
  26 orcs
  A ball python (D:2)
  6 bats
  8 giant cockroaches
  16 goblins
  5 hobgoblins
  15 jackals
  10 kobolds
  A quokka (D:4)
  A ball python skeleton (D:4)
  9 frilled lizards
  A quokka skeleton (D:4)
  14 rats
185 creatures vanquished.

Vanquished Creatures (collateral kills)
  Eustachio (D:6)
  An orc (D:6)
2 creatures vanquished.

Grand Total: 187 creatures vanquished

Notes
Turn   | Place    | Note
-------+----------+-------------------------------------------
     0 | D:1      | vishdafish the Troll Berserker began the quest for the Orb.
     0 | D:1      | Reached XP level 1. HP: 22/22 MP: 0/0
   131 | D:1      | Reached XP level 2. HP: 28/29 MP: 1/1
   261 | D:1      | Reached ** piety under Trog
   267 | D:1      | Reached XP level 3. HP: 36/36 MP: 2/2
  1028 | D:3      | Reached XP level 4. HP: 45/45 MP: 3/3
  1144 | D:3      | Reached skill level 4 in Unarmed Combat
  1198 | D:3      | Reached *** piety under Trog
  1198 | D:3      | Reached XP level 5. HP: 53/53 MP: 4/4
  1215 | D:3      | Found a blossoming altar of Fedhas.
  1305 | D:3      | Noticed Ijyb
  1316 | D:3      | Killed Ijyb
  1621 | D:3      | Found a glowing golden altar of the Shining One.
  1654 | D:3      | Reached XP level 6. HP: 57/61 MP: 5/5
  1945 | D:4      | Noticed tilp's ghost (amateur MfIE)
  1954 | D:4      | Killed tilp's ghost
  1954 | D:4      | Reached skill level 1 in Evocations
  2019 | D:4      | Found Welep's Armour Shoppe.
  2030 | D:4      | Reached skill level 5 in Unarmed Combat
  2043 | D:4      | Reached XP level 7. HP: 40/70 MP: 7/7
  2240 | D:4      | Found a staircase to the Ecumenical Temple.
  2318 | D:4      | Reached **** piety under Trog
  2636 | D:5      | Entered Level 5 of the Dungeon
  2652 | D:5      | Noticed Sigmund
  2668 | D:5      | Killed Sigmund
  2940 | D:5      | Reached XP level 8. HP: 79/79 MP: 9/9
  3494 | D:6      | Found a runed door.
  3525 | D:6      | Reached skill level 6 in Unarmed Combat
  3564 | D:6      | Noticed Crazy Yiuf
  3570 | D:6      | Killed Crazy Yiuf
  3638 | D:6      | Noticed Eustachio
  3673 | D:6      | Reached skill level 5 in Dodging
  3680 | D:6      | Reached skill level 5 in Fighting
  3683 | D:6      | Reached ***** piety under Trog
  3690 | D:6      | HP: 4/80 [Eustachio/rapier of venom (8)]
  3693 | D:6      | Killed Eustachio
  3835 | D:6      | Noticed Dowan
  3875 | D:6      | Killed Dowan
  3916 | D:6      | Noticed Duvessa
  4165 | D:6      | Killed Duvessa
  4165 | D:6      | Reached XP level 9. HP: 79/88 MP: 11/11
  4393 | D:6      | Noticed Blork the orc
  4411 | D:6      | Killed Blork the orc
  4684 | D:7      | Reached skill level 5 in Evocations
  4738 | D:7      | Found a shimmering altar of Xom.
  4766 | D:7      | Reached skill level 1 in Throwing
  4766 | D:7      | Reached skill level 1 in Armour
  4805 | D:7      | Found a bloodstained altar of Trog.
  4845 | D:7      | Reached skill level 7 in Unarmed Combat
  5160 | D:7      | HP: 4/88 [poisoned by an orc warrior]
  5162 | D:7      | Slain by an orc warrior

Vault maps used:
D:1:      evilmike_arrival_crescent, st_stairs_4, minmay_pentomino_o4
D:2:      first_ration, minivault_27, minivault_4
D:3:      kb_forest_paths, tso_oasis_becter, overflow_temple_1_default,
          uniq_ijyb
D:4:      temple_doors_e, serial_shops, shop
D:5:      minmay_ogre_servants, uniq_sigmund
D:6:      minmay_fountain_box, uniq_crazy_yiuf_cottage, uniq_eustachio,
          uniq_duvessa, uniq_blork_the_orc
D:7:      trog_eyes_of_draining, xom_butterflies

Skill      XL: |  1  2  3  4  5  6  7  8  9 |
---------------+----------------------------+-----
Dodging        | 3 4 5 |  5.4
Fighting       | 3 4 5 |  5.3
Unarmed Combat | 4 5 6 7 |  7.2
Evocations     | 1 3 4 5 |  5.0
Throwing       | 3 |  3.1
Armour         | 2 |  2.8

Action                   |  1- 3 |  4- 6 |  7- 9 || total
-------------------------+-------+-------+-------++-------
Melee: Unarmed           |   116 |   129 |   264 ||   509
       Punch             |       |     2 |     6 ||     8
Invok: Berserk           |       |     3 |    10 ||    13
       Brothers in Arms  |       |       |     1 ||     1
Evoke: Wand              |       |       |     4 ||     4
  Use: Scroll            |       |     4 |     4 ||     8
       Potion            |       |       |     8 ||     8
 Stab: Sleeping          |     1 |       |       ||     1
  Eat: Chunk             |    12 |     6 |    33 ||    51
       Ration            |       |       |     4 ||     4
Armor: Animal skin       |    54 |    34 |    59 ||   147
Dodge: Dodged            |    67 |    67 |   115 ||   249

Table legend:
 A = Spawn XP
 B = Non-spawn XP
 C = Spawn XP percentage of total XP
 D = Spawn monster count
 E = Non-spawn monster count
 F = Spawn count percentage of total count
 G = Total turns spent on level
                    A         B        C        D         E        F      G
               +---------+---------+-------+---------+---------+-------+---------
         Total |       0 |    4500 |   0.0 |       0 |     187 |   0.0 |  5162
               +---------+---------+-------+---------+---------+-------+---------
           D:1 |       0 |      53 |   0.0 |       0 |      30 |   0.0 |   519
           D:2 |       0 |      41 |   0.0 |       0 |      17 |   0.0 |   493
           D:3 |       0 |     296 |   0.0 |       0 |      46 |   0.0 |   910
           D:4 |       0 |     555 |   0.0 |       0 |      17 |   0.0 |   714
           D:5 |       0 |     637 |   0.0 |       0 |      23 |   0.0 |  1014
           D:6 |       0 |    1507 |   0.0 |       0 |      32 |   0.0 |   995
           D:7 |       0 |    1411 |   0.0 |       0 |      22 |   0.0 |   517
               +---------+---------+-------+---------+---------+-------+---------
